TOP OF THE 1ST |
Batavia Muckdogs batting - Pitching for Boise Hawks : RHP D.J. Pedroza
|
Pitching: RHP D.J. Pedroza
|
|
Batting: RHB Hiromitsu Yamada
|
0-0: Swinging Strike 0-1: Foul Ball, location: 2F 0-2: Ground out 4-3 (Groundball, 4, EV 87.5 MPH)
|
Batting: LHB Danny Treto
|
0-0: Reached on error, E6 (Groundball, 6, EV 86.2 MPH)
|
Batting: RHB Reomel Somera
|
0-0: Called Strike 0-1: Foul Ball, location: 2F 0-2: Ball 1-2: SINGLE (Line Drive, 78S, EV 96.9 MPH) Danny Treto to second
|
Pitching: RHP Ricardo Roman
|
|
Batting: RHB Justin Dunham
|
0-0: Swinging Strike 0-1: Ball 1-1: Called Strike 1-2: Strikes out swinging
|
Batting: SHB Greg Rivera
|
0-0: Called Strike 0-1: Ground out 3-1 (Groundball, 34, EV 86.9 MPH)
|
Top of the 1st over - 0 runs, 1 hit, 1 error, 2 left on base; Batavia 0 - Boise 0 |
BOTTOM OF THE 1ST |
Boise Hawks batting - Pitching for Batavia Muckdogs : RHP Carlos Guerrero
|
Pitching: RHP Carlos Guerrero
|
|
Batting: RHB Aaron Burnet
|
0-0: SINGLE (Line Drive, 7LS, EV 94.4 MPH)
|
Batting: RHB Ryan Ward
|
0-0: Ball 1-0: Fielders Choice at 2nd, 6-4 (Groundball, 6, EV 89.4 MPH)
|
Batting: SHB Chris Besselman
|
0-0: Called Strike 0-1: Ball 1-1: Swinging Strike 1-2: Ball 2-2: Ball 3-2: Foul Ball, location: 2F 3-2: Strikes out swinging Ryan Ward is caught stealing 2nd base 2-6 Batter strikes out.
|
Bottom of the 1st over - 0 runs, 1 hit, 0 errors, 0 left on base; Batavia 0 - Boise 0 |
TOP OF THE 2ND |
Batavia Muckdogs batting - Pitching for Boise Hawks : RHP Ricardo Roman
|
Batting: RHB George Boivin
|
0-0: Ball 1-0: Called Strike 1-1: Ball 2-1: SINGLE (Line Drive, 8RS, EV 100.0 MPH)
|
Batting: RHB Andy Kelly
|
0-0: DOUBLE (Line Drive, 9LM, EV 105.0 MPH) George Boivin to third
|
Batting: RHB Jason Thrash
|
0-0: Ball 1-0: Ball 2-0: Foul Ball, location: 2F 2-1: Ball 3-1: Base on Balls
|
Batting: RHB Jeremy Dennis
|
0-0: Ball 1-0: Foul Ball, location: 2F 1-1: Fly out, F8 (Flyball, 89M, EV 88.1 MPH)
|
Batting: RHB Hiromitsu Yamada
|
0-0: Ball 1-0: Ball 2-0: Grounds into fielders choice 1-2 (Groundball, 15S, EV 66.9 MPH) Andy Kelly to third Jason Thrash to second
|
Batting: LHB Danny Treto
|
0-0: Ball 1-0: Ground out 4-3 (Groundball, 4S, EV 91.2 MPH)
|
Top of the 2nd over - 0 runs, 2 hits, 0 errors, 3 left on base; Batavia 0 - Boise 0 |
BOTTOM OF THE 2ND |
Boise Hawks batting - Pitching for Batavia Muckdogs : RHP Carlos Guerrero
|
Batting: RHB Dan Hoffman
|
0-0: Ball 1-0: Ball 2-0: Ground out 6-3 (Groundball, 6, EV 105.0 MPH)
|
Batting: LHB Jason Ryan
|
0-0: Called Strike 0-1: Foul Ball, location: 2F 0-2: Strikes out swinging
|
Batting: SHB Justin Jackson
|
0-0: Called Strike 0-1: Called Strike 0-2: Ball 1-2: DOUBLE (Line Drive, 78M, EV 88.8 MPH)
|
Batting: RHB Carlos de Jesus
|
0-0: Called Strike 0-1: Swinging Strike 0-2: Ball 1-2: Foul Ball, location: 2F 1-2: Ball 2-2: Foul Ball, location: 2F 2-2: Strikes out swinging
|
Bottom of the 2nd over - 0 runs, 1 hit, 0 errors, 1 left on base; Batavia 0 - Boise 0 |
TOP OF THE 3RD |
Batavia Muckdogs batting - Pitching for Boise Hawks : RHP Ricardo Roman
|
Batting: RHB Reomel Somera
|
0-0: Ball 1-0: Foul Ball, location: 2F 1-1: Foul Ball, location: 2F 1-2: Foul Ball, location: 2F 1-2: Strikes out swinging
|
Batting: RHB Justin Dunham
|
0-0: Called Strike 0-1: Fly out, F8 (Flyball, 8LD, EV 101.9 MPH)
|
Batting: SHB Greg Rivera
|
0-0: Called Strike 0-1: Ball 1-1: Ball 2-1: Ground out 1-3 (Groundball, 13S, EV 67.5 MPH)
|
Top of the 3rd over - 0 runs, 0 hits, 0 errors, 0 left on base; Batavia 0 - Boise 0 |
BOTTOM OF THE 3RD |
Boise Hawks batting - Pitching for Batavia Muckdogs : RHP Carlos Guerrero
|
Batting: RHB Bob Hayes
|
0-0: Foul Ball, location: 2F 0-1: Called Strike 0-2: Ball 1-2: Strikes out looking
|
Batting: RHB Wei-fang Ping
|
0-0: Foul Ball, location: 2F 0-1: Ball 1-1: Ball 2-1: Foul Ball, location: 2F 2-2: Strikes out swinging
|
Batting: RHB Aaron Burnet
|
0-0: Ball 1-0: Foul Ball, location: 2F 1-1: Foul Ball, location: 2F 1-2: Ball 2-2: Strikes out swinging
|
Bottom of the 3rd over - 0 runs, 0 hits, 0 errors, 0 left on base; Batavia 0 - Boise 0 |
TOP OF THE 4TH |
Batavia Muckdogs batting - Pitching for Boise Hawks : RHP Ricardo Roman
|
Batting: RHB George Boivin
|
0-0: Foul Ball, location: 2F 0-1: Ball 1-1: Foul Ball, location: 2F 1-2: Strikes out swinging
|
Batting: RHB Andy Kelly
|
0-0: Ball 1-0: Ball 2-0: Ball 3-0: Called Strike 3-1: Ground out 4-3 (Groundball, 4M, EV 80.0 MPH)
|
Batting: RHB Jason Thrash
|
0-0: Swinging Strike 0-1: Swinging Strike 0-2: Foul Ball, location: 2F 0-2: Strikes out swinging, 2-3 out at first.
|
Top of the 4th over - 0 runs, 0 hits, 0 errors, 0 left on base; Batavia 0 - Boise 0 |
BOTTOM OF THE 4TH |
Boise Hawks batting - Pitching for Batavia Muckdogs : RHP Carlos Guerrero
|
Batting: RHB Ryan Ward
|
0-0: Called Strike 0-1: Swinging Strike 0-2: Ball 1-2: Foul Ball, location: 2F 1-2: Ball 2-2: Ball 3-2: Strikes out swinging
|
Batting: SHB Chris Besselman
|
0-0: Ball 1-0: Ball 2-0: Ball 3-0: Called Strike 3-1: Base on Balls
|
Batting: RHB Dan Hoffman
|
0-0: Foul Ball, location: 2F 0-1: Ball 1-1: Ball 2-1: Ball 3-1: Called Strike 3-2: Base on Balls Chris Besselman to second
|
Batting: LHB Jason Ryan
|
0-0: Foul Ball, location: 2F 0-1: Swinging Strike 0-2: Ball 1-2: Strikes out swinging
|
Batting: SHB Justin Jackson
|
0-0: Ball 1-0: Fly out, F6 (Popup, 6M, EV 65.0 MPH)
|
Bottom of the 4th over - 0 runs, 0 hits, 0 errors, 2 left on base; Batavia 0 - Boise 0 |
TOP OF THE 5TH |
Batavia Muckdogs batting - Pitching for Boise Hawks : RHP Ricardo Roman
|
Batting: RHB Jeremy Dennis
|
0-0: Ball 1-0: Ball 2-0: Ball 3-0: Base on Balls
|
Pitching: LHP Ernesto Galindo
|
|
Batting: RHB Hiromitsu Yamada
|
0-0: Ball 1-0: Ball 2-0: Called Strike 2-1: Ball 3-1: Base on Balls Jeremy Dennis to second
|
Batting: LHB Danny Treto
|
0-0: Ball Passed Ball! Jeremy Dennis to third Hiromitsu Yamada to second 1-0: Fly out, F7 (Flyball, 78M, EV 90.6 MPH)
|
Batting: RHB Reomel Somera
|
0-0: Ball 1-0: DOUBLE (Line Drive, 8LXD, EV 103.8 MPH) Jeremy Dennis scores Hiromitsu Yamada scores
|
Batting: RHB Justin Dunham
|
0-0: Ball 1-0: Ball 2-0: Fly out, F8 (Flyball, 89XD, EV 90.6 MPH) Runner from 2nd tags up, SAFE at 3rd, no throw by CF
|
Batting: SHB Greg Rivera
|
0-0: Ball 1-0: Ball 2-0: Ball 3-0: Called Strike 3-1: Foul Ball, location: 2F 3-2: Foul Ball, location: 2F 3-2: Base on Balls
|
Batting: RHB George Boivin
|
0-0: Ball 1-0: Called Strike 1-1: Ball 2-1: SINGLE (Groundball, 34D, EV 98.8 MPH) Reomel Somera scores Greg Rivera to second Runner from 2nd tries for 3rd, SAFE, throw by RF made to third
|
Batting: RHB Andy Kelly
|
0-0: Ball George Boivin steals 2nd base 1-0: Swinging Strike 1-1: Ground out 3-1 (Groundball, 34, EV 100.0 MPH)
|
Top of the 5th over - 3 runs, 2 hits, 0 errors, 2 left on base; Batavia 3 - Boise 0 |
BOTTOM OF THE 5TH |
Boise Hawks batting - Pitching for Batavia Muckdogs : RHP Carlos Guerrero
|
Batting: RHB Carlos de Jesus
|
0-0: Called Strike 0-1: Ball 1-1: Ground out 4-3 (Groundball, 4, EV 85.0 MPH)
|
Batting: RHB Bob Hayes
|
0-0: Ball 1-0: Ground out 5-3 (Groundball, 5, EV 86.9 MPH)
|
Batting: RHB Wei-fang Ping
|
0-0: Ball 1-0: Called Strike 1-1: Ball 2-1: Called Strike 2-2: Hit by Pitch
|
Batting: RHB Aaron Burnet
|
0-0: Ball 1-0: Ball 2-0: Called Strike 2-1: Foul Ball, location: 2F 2-2: Strikes out swinging
|
Bottom of the 5th over - 0 runs, 0 hits, 0 errors, 1 left on base; Batavia 3 - Boise 0 |
TOP OF THE 6TH |
Batavia Muckdogs batting - Pitching for Boise Hawks : LHP Ernesto Galindo
|
Batting: RHB Jason Thrash
|
0-0: Ball 1-0: Ball 2-0: Foul Ball, location: 2F 2-1: Ball 3-1: Base on Balls
|
Pitching: LHP Matt Belair
|
|
Batting: RHB Jeremy Dennis
|
0-0: Foul Ball, location: 2F 0-1: Ball 1-1: Swinging Strike 1-2: Foul Ball, location: 2F 1-2: Strikes out swinging
|
Batting: RHB Hiromitsu Yamada
|
0-0: Called Strike 0-1: Foul Ball, location: 2F 0-2: Ball 1-2: Grounds into double play, 6-4-3 (Groundball, 6M, EV 102.5 MPH)
|
Top of the 6th over - 0 runs, 0 hits, 0 errors, 0 left on base; Batavia 3 - Boise 0 |
BOTTOM OF THE 6TH |
Boise Hawks batting - Pitching for Batavia Muckdogs : RHP Carlos Guerrero
|
Pitching: RHP Tim Sherrill
|
|
Batting: RHB Ryan Ward
|
0-0: Ball 1-0: Ball 2-0: Ball 3-0: Called Strike 3-1: Ground out 6-3 (Groundball, 6S, EV 77.5 MPH)
|
Batting: SHB Chris Besselman
|
0-0: Called Strike 0-1: Ball 1-1: Foul Ball, location: 2F 1-2: Foul Ball, location: 2F 1-2: Ball 2-2: Ball 3-2: Base on Balls
|
Batting: RHB Dan Hoffman
|
0-0: Called Strike 0-1: Swinging Strike 0-2: Foul Ball, location: 2F 0-2: Strikes out swinging
|
Batting: LHB Jason Ryan
|
0-0: Ball 1-0: SINGLE (Groundball, 34D, EV 101.9 MPH) Chris Besselman to second Runner from 2nd tries for 3rd, SAFE, throw by RF made to third
|
Batting: SHB Justin Jackson
|
0-0: Swinging Strike 0-1: Ball 1-1: Ball 2-1: Called Strike 2-2: Ball 3-2: Ground out 4-3 (Groundball, 4, EV 98.1 MPH)
|
Bottom of the 6th over - 0 runs, 1 hit, 0 errors, 2 left on base; Batavia 3 - Boise 0 |
TOP OF THE 7TH |
Batavia Muckdogs batting - Pitching for Boise Hawks : LHP Matt Belair
|
Batting: LHB Danny Treto
|
0-0: Called Strike 0-1: Called Strike 0-2: Ground out 2-3 (Groundball, 13S, EV 70.6 MPH)
|
Batting: RHB Reomel Somera
|
0-0: Foul Ball, location: 2F 0-1: Foul Ball, location: 2F 0-2: SINGLE (Line Drive, 7S, EV 101.9 MPH)
|
Batting: RHB Justin Dunham
|
0-0: Foul Ball, location: 2F 0-1: Foul Ball, location: 2F 0-2: Ground out 5-3 (Groundball, 5S, EV 61.9 MPH) Reomel Somera to second
|
Batting: SHB Greg Rivera
|
0-0: Called Strike 0-1: Ball 1-1: Foul Ball, location: 2F 1-2: Ground out 1-3 (Groundball, 13, EV 63.1 MPH)
|
Top of the 7th over - 0 runs, 1 hit, 0 errors, 1 left on base; Batavia 3 - Boise 0 |
BOTTOM OF THE 7TH |
Boise Hawks batting - Pitching for Batavia Muckdogs : RHP Tim Sherrill
|
Batting: RHB Carlos de Jesus
|
0-0: Ball 1-0: Swinging Strike 1-1: Foul Ball, location: 2F 1-2: Strikes out looking
|
Batting: RHB Bob Hayes
|
0-0: Called Strike 0-1: Ball 1-1: Ball 2-1: Ball 3-1: Foul Ball, location: 2F 3-2: Foul Ball, location: 2F 3-2: Base on Balls
|
Pitching: LHP Brian Worthy
|
|
Batting: RHB Wei-fang Ping
|
0-0: Ball 1-0: Swinging Strike 1-1: Ball 2-1: Ball 3-1: Base on Balls Bob Hayes to second
|
Batting: RHB Aaron Burnet
|
0-0: Swinging Strike 0-1: Swinging Strike 0-2: Ball 1-2: Foul Ball, location: 2F 1-2: Strikes out swinging
|
Batting: RHB Ryan Ward
|
0-0: Called Strike 0-1: Swinging Strike 0-2: Foul Ball, location: 2F 0-2: Ball 1-2: Foul Ball, location: 2F 1-2: Ground out 4-3 (Groundball, 4, EV 106.9 MPH)
|
Bottom of the 7th over - 0 runs, 0 hits, 0 errors, 2 left on base; Batavia 3 - Boise 0 |
TOP OF THE 8TH |
Batavia Muckdogs batting - Pitching for Boise Hawks : LHP Matt Belair
|
Batting: RHB George Boivin
|
0-0: Called Strike 0-1: Ball 1-1: Ground out 6-3 (Groundball, 56, EV 87.5 MPH)
|
Batting: RHB Andy Kelly
|
0-0: Ball 1-0: Foul Ball, location: 2F 1-1: Ball 2-1: Called Strike 2-2: Ball 3-2: Strikes out looking
|
Batting: RHB Jason Thrash
|
0-0: Fly out, F9 (Flyball, 9LS, EV 85.0 MPH)
|
Top of the 8th over - 0 runs, 0 hits, 0 errors, 0 left on base; Batavia 3 - Boise 0 |
BOTTOM OF THE 8TH |
Boise Hawks batting - Pitching for Batavia Muckdogs : LHP Brian Worthy
|
Batting: SHB Chris Besselman
|
0-0: Called Strike 0-1: Foul Ball, location: 2F 0-2: Ball 1-2: SINGLE (Line Drive, 6D, EV 95.0 MPH)
|
Batting: RHB Dan Hoffman
|
0-0: Fly out, F6 (Line Drive, 6, EV 61.9 MPH)
|
Batting: LHB Jason Ryan
|
0-0: Fly out, F8 (Flyball, 89D, EV 86.9 MPH)
|
Batting: SHB Justin Jackson
|
0-0: Ball 1-0: Ball 2-0: Called Strike 2-1: SINGLE (Line Drive, 89S, EV 103.8 MPH) Chris Besselman to second
|
Batting: RHB Carlos de Jesus
|
0-0: Ball 1-0: Ball 2-0: Called Strike 2-1: SINGLE (Groundball, 6MS, EV 69.4 MPH) (infield hit) Chris Besselman to third Justin Jackson to second
|
Batting: RHB Bob Hayes
|
0-0: Ball 1-0: Called Strike 1-1: Ball 2-1: Foul Ball, location: 2F 2-2: Ball 3-2: Strikes out swinging
|
Bottom of the 8th over - 0 runs, 3 hits, 0 errors, 3 left on base; Batavia 3 - Boise 0 |
TOP OF THE 9TH |
Batavia Muckdogs batting - Pitching for Boise Hawks : LHP Matt Belair
|
Batting: RHB Jeremy Dennis
|
0-0: SINGLE (Groundball, P, EV 83.1 MPH) (infield hit)
|
Batting: RHB Hiromitsu Yamada
|
0-0: Ball Jeremy Dennis steals 2nd base 1-0: Swinging Strike 1-1: Ball 2-1: SINGLE (Groundball, 6MD, EV 108.1 MPH) Jeremy Dennis to third Runner from 3rd tries for Home, throw by CF and OUT! 8-2
|
Batting: LHB Danny Treto
|
0-0: Ball Hiromitsu Yamada is caught stealing 2nd base 2-6 1-0: Ball 2-0: Reached on error, E6 (Groundball, 6, EV 102.5 MPH)
|
Batting: RHB Reomel Somera
|
0-0: Ball 1-0: Foul Ball, location: 2F 1-1: Ball 2-1: Ball 3-1: Base on Balls Danny Treto to second
|
Pitching: LHP Josh Alvarez
|
|
Batting: RHB Justin Dunham
|
0-0: Called Strike 0-1: Ball 1-1: DOUBLE (Line Drive, 7LD, EV 109.4 MPH) Danny Treto scores Reomel Somera to third
|
Batting: SHB Greg Rivera
|
0-0: Ball 1-0: Ball 2-0: Ball 3-0: Base on Balls
|
Batting: RHB George Boivin
|
0-0: Swinging Strike 0-1: Fly out, F8 (Flyball, 8LM, EV 90.0 MPH)
|
Top of the 9th over - 1 run, 3 hits, 1 error, 3 left on base; Batavia 4 - Boise 0 |
BOTTOM OF THE 9TH |
Boise Hawks batting - Pitching for Batavia Muckdogs : LHP Brian Worthy
|
Pitching: LHP Will Sledge
|
|
Batting: RHB Wei-fang Ping
|
0-0: Called Strike 0-1: Called Strike 0-2: Foul Ball, location: 2F 0-2: Strikes out looking
|
Batting: RHB Aaron Burnet
|
0-0: Called Strike 0-1: Called Strike 0-2: Foul Ball, location: 2F 0-2: Ball 1-2: Foul Ball, location: 2F 1-2: Strikes out swinging
|
Batting: RHB Ryan Ward
|
0-0: Ball 1-0: Ball 2-0: Swinging Strike 2-1: Swinging Strike 2-2: Foul Ball, location: 2F 2-2: Strikes out looking
|
Bottom of the 9th over - 0 runs, 0 hits, 0 errors, 0 left on base; Batavia 4 - Boise 0 |
|